 Dungeon Crawl Stone Soup version 0.22-b1-59-g0aedee734a (webtiles) character file.

22785 Pisosu the Bludgeoner (level 12, -18/113 HPs)
             Began as a Minotaur Berserker on Aug 10, 2018.
             Was the Champion of Trog.
             Killed from afar by an ice statue (31 damage)
             ... with a shard of ice
             ... in an ice cave.
             The game lasted 00:55:19 (14905 turns).

Pisosu the Bludgeoner (Minotaur Berserker)         Turns: 14905, Time: 00:55:20

Health: -18/113    AC: 20    Str: 31    XL:     12   Next: 66%
Magic:  11/11      EV: 13    Int:  4    God:    Trog [******]
Gold:   1003       SH:  4    Dex:  9    Spells: 11/11 levels left

rFire    . . .     SeeInvis .   i - +4 broad axe "Acwenk" {drain, Str+3}
rCold    . . .     Gourm    .   P - +0 buckler
rNeg     . . .     Faith    .   E - +0 plate armour
rPois    +         Spirit   .   (helmet restricted)
rElec    .         Reflect  .   B - +0 cloak
rCorr    .         Harm     .   F - +0 pair of gloves
MR       ++...                  z - +0 pair of boots
Stlth    ..........             (no amulet)
HPRegen  1.28/turn              l - ring of poison resistance
MPRegen  0.12/turn              e - +4 ring of evasion

@: regenerating
A: retaliatory headbutt, horns 2
a: Berserk, Trog's Hand, Brothers in Arms, Renounce Religion


You were in an ice cave.
You worshipped Trog.
Trog was exalted by your worship.
You were not hungry.

You visited 3 branches of the dungeon, and saw 17 of its levels.
You also visited: Ossuary and Ice Cave.

You collected 1003 gold pieces.

Inventory:

Hand Weapons
 i - the +4 broad axe "Acwenk" (weapon) {drain, Str+3}
   (Trog gifted it to you on level 12 of the Dungeon)

   A truly terrible weapon, it drains the life of those it strikes.
   It affects your strength (+3).
 K - a +0 morningstar
Missiles
 v - 15 poisoned needles
 C - 8 tomahawks of returning (quivered)
 D - 4 javelins
 H - 89 bolts
 I - 6 poisoned javelins
 L - 16 tomahawks
 O - 7 curare-tipped needles
 W - 2 throwing nets
Armour
 p - a +0 robe of magic resistance
 z - a +0 pair of boots (worn)
 B - a +0 cloak (worn)
 E - a +0 plate armour (worn)
 F - a +0 pair of gloves (worn)
 J - a +0 pair of gloves
 P - a +0 buckler (worn)
 R - a +3 ring mail
Jewellery
 e - a +4 ring of evasion (right hand)
 l - a ring of poison resistance (left hand)
 G - an uncursed ring of flight
 U - an uncursed ring of fire
Wands
 s - a wand of polymorph (31)
 Q - a wand of acid (7)
 S - a wand of digging (10)
 T - a wand of disintegration (11)
 V - a wand of iceblast (4)
 Z - a wand of flame (25)
Scrolls
 b - a scroll of torment
 d - 2 scrolls of fear
 f - 6 scrolls of enchant armour
 h - 6 scrolls of enchant weapon
 k - 6 scrolls of teleportation
 m - 5 scrolls of remove curse
 x - a scroll of summoning
 y - 4 scrolls of blinking
 X - a scroll of identify
Potions
 a - 2 potions of flight
 g - 7 potions of curing
 j - 5 potions of heal wounds
 n - 4 potions of brilliance
 o - 2 potions of agility
 q - 2 potions of mutation
 r - 3 potions of might {unknown}
 u - 2 potions of resistance {unknown}
 A - 2 potions of lignification
 M - 5 potions of haste {unknown}
 N - a potion of cancellation
Miscellaneous
 t - a lamp of fire
 w - a lamp of fire
Comestibles
 c - 32 rations


   Skills:
 + Level 12.7 Fighting
 + Level 16.2 Maces & Flails
 + Level 13.4 Armour
 - Level 2.1 Dodging
 + Level 5.4 Shields


You had 11 spell levels left.
You didn't know any spells.
Your spell library was empty.

Dungeon Overview and Level Annotations

Branches:
Dungeon (13/15)            Temple (0/1) D:6            Lair (2/6) D:8
    Orc (2/2) D:12            Elf (0/3) Orc:2
  Swamp: Lair:2-4    Shoals: Lair:2-4     Snake: Lair:2-4    Spider: Lair:2-4
 Vaults: D:13-14

Altars:
Ashenzari
Elyvilon
Gozag
Kikubaaqudgha
Makhleb
Nemelex Xobeh
Trog
Uskayaw
Xom
Zin
The Shining One

Shops:
D:5 [   D:6 (**   D:12 (

Annotations:
D:7 1 runed door, makkenr95's ghost, novice HOFi
D:13 Azrael IceCv exclusion: ice statue


Innate Abilities, Weirdness & Mutations

You reflexively headbutt those who attack you in melee.
You have a pair of horns on your head.


Message History

Your plate armour prevents you from hitting the ice statue.
The ice statue is moderately damaged.
You are engulfed in freezing vapours.
* * * LOW HITPOINT WARNING * * *
Your skin crawls.
You feel resistant to hostile enchantments.
You feel quite a bit more hungry.
You are engulfed in freezing vapours.
* * * LOW HITPOINT WARNING * * *
You feel much better. The ice statue gestures at you.
The shard of ice hits you!
* * * LOW HITPOINT WARNING * * *
The ice statue gestures at you. The freezing blast engulfs you!
* * * LOW HITPOINT WARNING * * *
You are engulfed in freezing vapours.
* * * LOW HITPOINT WARNING * * *
The ice statue gestures at you. The shard of ice hits you!
You die...

##...###..##
###.###...#
##.#####..##
#...###..##
##......##
#..#....#
#..###.##
#§######
#§@##§##
##§§§..##[#
##§§§8..#
####..#..#
#.# # ##


You could see an ice statue.

Vanquished Creatures
  Frances (D:12)
  2 two-headed ogres (D:11)
  A deep troll earth mage (D:12)
  Pikel (D:11)
  An orc knight (D:12)
  An orc sorcerer (D:12)
  An ugly thing (D:11)
  A cyclops (D:11)
  A manticore (D:11)
  A moth of wrath (shapeshifter) (D:12)
  A black mamba (Lair:1)
  Joseph (Lair:1)
  A spiny frog (Lair:1)
  2 komodo dragons
  2 rime drakes (Orc:2)
  4 trolls
  3 meliai (D:13)
  4 polar bears
  A hippogriff (D:11)
  A wyvern (D:8)
  13 yaks
  Grum (D:9)
  Eustachio (D:6)
  A warg (Orc:1)
  An acid dragon (D:11)
  4 slaves (D:8)
  5 water moccasins
  A porcupine (Lair:1)
  2 sky beasts
  10 orc warriors
  2 black bears
  2 phantoms
  2 ice beasts
  18 ogres
  4 necrophages
  6 centaurs
  8 wolves
  A crocodile (D:13)
  A wyvern zombie (D:9)
  9 bullfrogs
  A water moccasin zombie (Ossuary)
  3 scorpions
  14 killer bees
  6 electric eels
  A howler monkey (D:4)
  5 crimson imps
  2 bullfrog zombies
  2 quasits
  11 hounds
  A centaur zombie (Ossuary)
  17 orc priests
  3 bullfrog skeletons
  4 jellies
  13 orc wizards
  A centaur skeleton (D:9)
  13 mummies (Ossuary)
  4 iguanas
  5 worker ants
  A killer bee zombie (Ossuary)
  5 hound zombies
  2 hound skeletons
  2 howler monkey zombies
  4 worker ant zombies
  3 gnolls (D:3)
  11 adders
  3 shadow imps
  3 adder zombies
  An ooze (D:5)
  An adder skeleton (D:7)
  2 worms
  2 dart slugs
  4 leopard geckos
  52 orcs
  9 bats
  3 giant cockroaches
  12 goblins
  7 hobgoblins
  10 jackals
  8 quokkas
  A ball python (D:5)
  A ball python zombie (D:6)
  8 frilled lizards
  2 jackal zombies (Ossuary)
  2 leopard gecko zombies (Ossuary)
  2 quokka skeletons
  2 quokka zombies (Ossuary)
  8 rats
400 creatures vanquished.

Vanquished Creatures (others)
  A yak (IceCv)
  A withered plant (Ossuary)
2 creatures vanquished.

Grand Total: 402 creatures vanquished

Notes
Turn   | Place    | Note
-------+----------+-------------------------------------------
     0 | D:1      | Pisosu the Minotaur Berserker began the quest for the Orb.
     0 | D:1      | Reached XP level 1. HP: 19/19 MP: 0/0
    61 | D:1      | Reached skill level 4 in Maces & Flails
    61 | D:1      | Reached XP level 2. HP: 25/27 MP: 1/1
   396 | D:1      | Reached ** piety under Trog
   478 | D:1      | Reached XP level 3. HP: 34/34 MP: 2/2
   938 | D:2      | Found a shattered altar of Ashenzari.
   943 | D:2      | Reached skill level 5 in Maces & Flails
   943 | D:2      | Reached XP level 4. HP: 35/41 MP: 3/3
  1603 | D:3      | Reached skill level 5 in Fighting
  1933 | D:3      | Reached XP level 5. HP: 44/48 MP: 4/4
  2161 | D:3      | You fall through a shaft for 2 floors!
  2161 | D:5      | Entered Level 5 of the Dungeon
  2241 | D:5      | Found a sand-covered staircase.
  2249 | Ossuary  | Entered an ossuary
  2267 | Ossuary  | Reached skill level 6 in Maces & Flails
  2277 | Ossuary  | Reached *** piety under Trog
  2283 | Ossuary  | Reached XP level 6. HP: 30/56 MP: 5/5
  2483 | Ossuary  | Reached skill level 7 in Maces & Flails
  2534 | Ossuary  | Reached skill level 5 in Armour
  2534 | Ossuary  | Reached XP level 7. HP: 61/62 MP: 6/6
  2900 | D:5      | Noticed Eustachio
  2956 | D:6      | Killed Eustachio
  2956 | D:6      | Reached skill level 8 in Maces & Flails
  3364 | D:5      | Found Cocs's Antique Armour Emporium.
  3409 | D:5      | Reached XP level 8. HP: 68/71 MP: 7/7
  3440 | D:5      | Reached skill level 9 in Maces & Flails
  3675 | D:4      | Reached **** piety under Trog
  3999 | D:4      | You fall through a shaft for 3 floors!
  4146 | D:7      | Reached skill level 10 in Maces & Flails
  4180 | D:7      | Received a gift from Trog
  4186 | D:7      | Found a runed door.
  4546 | D:7      | Reached XP level 9. HP: 80/80 MP: 8/8
  4640 | D:7      | Found a shimmering altar of Xom.
  4640 | D:7      | Noticed makkenr95's ghost (novice HOFi)
  4641 | D:7      | Noticed a trident of chaos
  5070 | D:6      | Found Pissy's Assorted Antiques.
  5082 | D:6      | Found a staircase to the Ecumenical Temple.
  5121 | D:6      | Found Xaru's Assorted Antiques.
  5124 | D:6      | Reached skill level 11 in Maces & Flails
  5231 | D:6      | Reached ***** piety under Trog
  5561 | D:6      | Found an opulent altar of Gozag.
  5680 | D:6      | Found Dipew's Antique Weapon Shop.
  5799 | D:8      | Found a staircase to the Lair.
  5814 | D:8      | Reached skill level 12 in Maces & Flails
  5877 | D:8      | Noticed a troll
  6099 | D:8      | Reached XP level 10. HP: 91/91 MP: 9/9
  6129 | D:8      | Found an ancient bone altar of Kikubaaqudgha.
  6159 | D:8      | Noticed Pikel
  6380 | D:8      | Found a hide-covered altar of Uskayaw.
  6421 | D:8      | Found a sparkling altar of Nemelex Xobeh.
  7091 | Lair:1   | Entered Level 1 of the Lair of Beasts
  7203 | Lair:1   | Noticed a black mamba
  7210 | Lair:1   | Killed a black mamba
  7282 | Lair:1   | Reached skill level 13 in Maces & Flails
  7462 | Lair:1   | Noticed Joseph
  7486 | Lair:1   | Killed Joseph
  7603 | Lair:1   | Reached skill level 10 in Armour
  7685 | Lair:1   | Noticed a spiny frog
  7698 | Lair:1   | Killed a spiny frog
  7698 | Lair:1   | Reached skill level 10 in Fighting
  7698 | Lair:1   | Reached skill level 1 in Shields
  8391 | Lair:2   | Noticed a four-headed hydra
  8502 | D:9      | Found a glowing golden altar of the Shining One.
  8603 | D:9      | Noticed Grum
  8610 | D:9      | Killed Grum
  8947 | D:9      | Found a white marble altar of Elyvilon.
  9096 | D:9      | Found a burning altar of Makhleb.
  9096 | D:9      | Found a glowing silver altar of Zin.
  9097 | D:9      | Noticed an angel
  9097 | D:9      | Noticed an Executioner
  9276 | D:10     | Entered Level 10 of the Dungeon
  9315 | D:10     | Found a bloodstained altar of Trog.
  9511 | D:10     | Reached XP level 11. HP: 101/101 MP: 10/10
  9782 | D:10     | Reached skill level 14 in Maces & Flails
 10372 | D:10     | You fall through a shaft for 3 floors!
 10375 | D:13     | Noticed Azrael
 10398 | D:13     | Noticed a purple ugly thing
 10401 | D:13     | Noticed a centaur warrior
 10537 | D:13     | Noticed Frances
 10551 | D:12     | Killed Frances
 10777 | D:12     | Noticed a two-headed ogre
 10784 | D:12     | Found a staircase to the Orcish Mines.
 11237 | D:11     | Noticed a two-headed ogre
 11261 | D:11     | Killed a two-headed ogre
 11406 | D:11     | Noticed a cyan ugly thing
 11419 | D:11     | Killed a cyan ugly thing
 11419 | D:11     | Reached skill level 15 in Maces & Flails
 11759 | D:11     | Killed Pikel
 11917 | D:11     | Killed a two-headed ogre
 11917 | D:11     | Reached XP level 12. HP: 111/111 MP: 11/11
 11920 | D:11     | Reached ****** piety under Trog
 12216 | D:12     | Found Buenejae's Weapon Boutique.
 12247 | D:12     | Noticed a deep troll earth mage
 12279 | D:12     | Killed a deep troll earth mage
 12845 | D:13     | Noticed a tengu warrior
 13104 | Orc:1    | Entered Level 1 of the Orcish Mines
 13175 | D:12     | Reached skill level 16 in Maces & Flails
 13611 | D:12     | Received a gift from Trog
 13612 | D:12     | Got a shimmering broad axe {god gift}
 13669 | D:12     | Identified the +4 broad axe "Acwenk" {drain, Str+3} (Trog gifted it to you on level 12 of the Dungeon)
 13684 | Orc:1    | Reached skill level 5 in Shields
 14095 | Orc:2    | Entered Level 2 of the Orcish Mines
 14269 | Orc:2    | Found a staircase to the Elven Halls.
 14282 | Orc:2    | Found a frozen archway.
 14366 | IceCv    | Entered an ice cave
 14905 | IceCv    | Killed from afar by an ice statue

Skill      XL: |  1  2  3  4  5  6  7  8  9 10 11 12 |
---------------+-------------------------------------+-----
Fighting       | 4 5 6 7 9 10 11 12 | 12.7
Maces & Flails | 4 5 6 7 8 10 12 13 15 16 | 16.2
Armour         | 3 4 5 6 7 9 10 12 13 | 13.4
Shields        | 1 4 5 |  5.4
Dodging        | |  2.1

Action                   |  1- 3 |  4- 6 |  7- 9 | 10-12 || total
-------------------------+-------+-------+-------+-------++-------
Melee: Mace              |    72 |   159 |   437 |    80 ||   748
       Headbutt          |     9 |    27 |    69 |   120 ||   225
       Morningstar       |       |       |       |   478 ||   478
       Broad axe         |       |       |       |    81 ||    81
Throw: Tomahawk          |       |       |       |     7 ||     7
Invok: Berserk           |       |       |     2 |     7 ||     9
       Trog's Hand       |       |       |     1 |     2 ||     3
Evoke: Wand              |       |       |       |     9 ||     9
  Use: Scroll            |       |     6 |    10 |     9 ||    25
       Potion            |       |       |       |     1 ||     1
  Eat: Chunk             |       |     4 |    12 |    31 ||    47
       Ration            |       |     1 |       |     2 ||     3
Armor: Animal skin       |    18 |       |       |       ||    18
       Chain mail        |    17 |    53 |    51 |       ||   121
       Plate armour      |       |       |   155 |   278 ||   433
Dodge: Dodged            |    55 |    63 |   262 |   322 ||   702
Block: Buckler           |       |       |       |   106 ||   106
